 Dungeon Crawl Stone Soup version 0.32-a0-841-g4648e6c457 (webtiles) character file.

Game seed: 3892648528580593549

1374 Goblin1989 the Sneak (level 8, -11/57 HPs)
             Began as a Demonspawn Brigand on Mar 26, 2024.
             Was an Initiate of Gozag.
             Mangled by Duvessa
             ... wielding a +0 short sword
              (12 damage)
             ... on level 5 of the Dungeon.
             The game lasted 00:09:21 (5119 turns).

Goblin1989 the Sneak (Demonspawn Brigand)           Turns: 5119, Time: 00:09:22

Health: -11/57     AC:  7    Str:  9 (11) XL:     8   Next: 39%
Magic:  8/8        EV:  4    Int: 11 (13) God:    Gozag
Gold:   439        SH: 11    Dex: 13 (16) Spells: 7/7 levels left

rFire   . . .        v - +1 dagger (vamp)
rCold   . . .        F - +0 tower shield
rNeg    . . .        t - +0 troll leather armour {Pargi}
rPois   .            (helmet restricted)
rElec   .            G - +0 cloak
rCorr   .            l - +0 pair of gloves
SInv    .            (no boots)
Will    .....        (no amulet)
Stlth   +++          (no ring)
HPRegen 1.09/turn    (no ring)
MPRegen 0.11/turn

%: no passive effects
@: gold aura, attractive
A: antennae 1, slimy green scales 1, foul stench 1, powered by death 1
a: Renounce Religion, Potion Petition, Call Merchant, Bribe Branch


You were on level 5 of the Dungeon.
You worshipped Gozag.
Gozag was aware of your devotion.
You visited 1 branch of the dungeon, and saw 5 of its levels.

You collected 490 gold pieces.
You paid 51 gold pieces to Gozag.

Inventory:

Hand Weapons
 a - a +2 dagger
 v - a +1 vampiric dagger (weapon)
 B - a +0 rapier
Missiles
 d - 4 poisoned darts (quivered)
 e - 7 curare-tipped darts
 r - 53 stones
Armour
 l - a +0 pair of gloves (worn)
 t - a +0 troll leather armour (worn) {Pargi}
 F - a +0 tower shield (worn)
 G - a +0 cloak (worn)
Jewellery
 j - an amulet of guardian spirit
 p - an amulet of magic regeneration
 q - an amulet of the acrobat
Wands
 w - a wand of acid (13) {@v4}
Scrolls
 g - a scroll of amnesia {unknown}
 i - 4 scrolls of teleportation {unknown}
 m - a scroll of poison {unknown}
 n - 2 scrolls of summoning {unknown}
 o - a scroll of enchant weapon {unknown}
 s - 4 scrolls of identify {unknown}
 A - a scroll of noise {unknown}
 C - a scroll of acquirement {unknown}
 D - a scroll of blinking {unknown}
 H - a scroll of enchant armour {unknown}
Potions
 f - 3 potions of attraction
 h - a potion of heal wounds {unknown}
 k - a potion of haste {unknown}
 u - a potion of curing {@q1}
 x - a potion of might {unknown}
 z - 2 potions of degeneration
 E - a potion of brilliance {unknown}


   Skills:
 + Level 2.9 Fighting
 + Level 6.7 Short Blades
 - Level 1.7 Throwing
 + Level 1.7 Armour
 + Level 2.1 Dodging
 - Level 7.0 Stealth
 + Level 1.7 Shields


You had 7 spell levels left.
You didn't know any spells.
Your spell library contained the following spells:

 Spells                   Type           Power      Damage    Failure   Level
 Apportation              Tloc           0%         N/A       100%        1
 Jinxbite                 Hex            0%         N/A       100%        2
 Leda's Liquefaction      Alch/Erth      0%         N/A       100%        4
 Alistair's Intoxication  Alch           0%         N/A       100%        5
 Lee's Rapid Deconstruct  Erth           0%         3d4*      100%        5
 Permafrost Eruption      Ice/Erth       0%         2x4d2     100%        6


Dungeon Overview and Level Annotations

Branches:
Dungeon (5/15) Zot: 24973
 Temple: D:4-7

Altars:
Gozag
Okawaru
Ru
Vehumet
Xom
Yredelemnul

Shops:
D:1 !   D:2 :

Annotations:
D:5 Duvessa


Innate Abilities, Weirdness & Mutations

You have a pair of small antennae on your head.
You are partially covered in slimy green scales. (AC +2)
You may rarely emit foul miasma when damaged in melee.
You regenerate a little health from kills.


Message History

Dowan blinks!
You regained 2 hp, and now have 40/57 hp.
You hit Duvessa.
You feel better.
Duvessa is heavily wounded.
Duvessa hits you with a +0 short sword.
You take 2 damage, and have 38/57 hp.
You hit Duvessa but do no damage.
Duvessa is heavily wounded.
Duvessa says, "Where magic fails, the sword succeeds!"
You block Duvessa's attack. Duvessa completely misses you.
You hit Duvessa but do no damage.
Duvessa is heavily wounded.
Duvessa hits you with a +0 short sword!
You take 9 damage, and have 30/57 hp.
You closely miss Duvessa.
Duvessa is heavily wounded.
You block Duvessa's attack.
You regained 2 hp, and now have 32/57 hp.
You hit Duvessa but do no damage.
Duvessa is heavily wounded.
Duvessa hits you with a +0 short sword!
* * * LOW HITPOINT WARNING * * *
You take 10 damage, and have 22/57 hp.
You completely miss Duvessa.
Duvessa is heavily wounded.
Duvessa hits you with a +0 short sword.
* * * LOW HITPOINT WARNING * * *
Dowan smirks and points a slender finger.
Dowan barely misses you.
You take 4 damage, and have 18/57 hp.
You hit Duvessa.
You feel better.
Duvessa is severely wounded.
You block Duvessa's attack. Dowan barely misses you.
You regained 5 hp, and now have 23/57 hp.
You hit Duvessa but do no damage.
Duvessa is severely wounded.
Duvessa hits you with a +0 short sword.
* * * LOW HITPOINT WARNING * * *
You block Dowan's attack. You block Duvessa's attack.
You take 5 damage, and have 18/57 hp.
You hit Duvessa but do no damage.
Duvessa is heavily wounded.
You block Dowan's attack. Duvessa hits you with a +0 short sword.
* * * LOW HITPOINT WARNING * * *
Dowan casts a spell at you. You resist with some effort.
You take 3 damage, and have 15/57 hp.
You barely miss Duvessa.
Duvessa is heavily wounded.
Duvessa completely misses you. Dowan hits you with a +0 dagger.
* * * LOW HITPOINT WARNING * * *
You emit a cloud of foul miasma!
You take 3 damage, and have 12/57 hp.
You hit Duvessa but do no damage.
Duvessa is heavily wounded.
Duvessa hits you with a +0 short sword.
* * * LOW HITPOINT WARNING * * *
Dowan is engulfed in dark miasma.
Dowan is poisoned.
You block Dowan's attack.
You take 2 damage, and have 10/57 hp.
Unknown command.
It was a potion of attraction.
You feel attractive to monsters. You block Duvessa's attack.
Dowan is engulfed in dark miasma.
Dowan looks even sicker.
Dowan gestures wildly while chanting.
Dowan blinks!
Dowan is attracted toward you.
It was a potion of curing.
You feel better. You block Duvessa's attack.
Dowan is engulfed in dark miasma.
Dowan looks even sicker.
You kill Dowan!
Duvessa screams in rage.
Duvessa goes berserk!
You regained 7 hp, and now have 18/57 hp.
It was a potion of degeneration.
There was something very wrong with that liquid.
You feel weakened.
You feel dopey.
You feel clumsy. Duvessa hits you with a +0 short sword.
* * * LOW HITPOINT WARNING * * *
You block Duvessa's attack.
You take 1 damage, and have 17/57 hp.
You hit Duvessa but do no damage.
Duvessa is heavily wounded.
You block Duvessa's attack. Duvessa hits you with a +0 short sword.
* * * LOW HITPOINT WARNING * * *
You hit Duvessa but do no damage.
Duvessa is heavily wounded.
Duvessa hits you with a +0 short sword!
* * * LOW HITPOINT WARNING * * *
You block Duvessa's attack.
You take 8 damage, and have 9/57 hp.
You hit Duvessa.
Duvessa is heavily wounded.
You block Duvessa's attack.
You regained 2 hp, and now have 11/57 hp.
You closely miss Duvessa.
Duvessa is heavily wounded.
Duvessa hits you with a +0 short sword!
* * * LOW HITPOINT WARNING * * *
Duvessa hits you with a +0 short sword!
You die...
Your body crumbles into a pile of gold. ██████

█....█ █████████....█
█............███████████████████
█.███████.....$@e(.$(.(.........
█.█ █....████████████.e....█
█.███████....█████████ █......█
█.██.█.█.█.█.........█ █......█
█.█..................█ █......█
█.██.█.█.█.█.........███████████
█.█.....[.....................█
█..█.█.█.█.█..................█
██............................█


You could see Duvessa (berserk).

Vanquished Creatures
  Sigmund (D:3)
  2 black bears (D:5)
  Pargi (D:3)
  A kobold brigand (D:5)
  5 scorpions
  Dowan (D:5)
  A howler monkey (D:5)
  2 bombardier beetles
  3 hounds
  A gnoll bouda (D:5)
  2 orc wizards
  Robin (D:3)
  8 gnolls
  5 adders
  3 ufetubi (D:5)
  2 dart slugs
  4 ribbon worms
  14 orcs
  5 ball pythons
  7 endoplasms
  16 giant cockroaches
  6 goblins
  12 hobgoblins
  5 kobolds
  4 quokkas
  3 bats
  2 frilled lizards (D:3)
  3 rats
120 creatures vanquished.

Notes
Turn   | Place    | Note
-------+----------+-------------------------------------------
     0 | D:1      | Goblin1989 the Demonspawn Brigand began the quest for the
                  | Orb.
     0 | D:1      | Reached XP level 1. HP: 16/16 MP: 1/1
   398 | D:1      | Gained mutation: You may rarely emit foul miasma when
                  | damaged in melee. [demonic ancestry]
   398 | D:1      | Reached XP level 2. HP: 17/22 MP: 2/2
   572 | D:1      | Found Oqozis's Distillery.
   598 | D:1      | Reached skill level 4 in Stealth
  1459 | D:2      | Gained mutation: You have a pair of small antennae on your
                  | head. [demonic ancestry]
  1459 | D:2      | Reached XP level 3. HP: 27/27 MP: 3/3
  1781 | D:2      | Found a basalt altar of Yredelemnul.
  1869 | D:2      | Gained mutation: You regenerate a little health from kills.
                  | [demonic ancestry]
  1869 | D:2      | Reached XP level 4. HP: 18/33 MP: 4/4
  2172 | D:2      | Found Ycerist's Book Emporium.
  2307 | D:3      | Noticed Sigmund
  2320 | D:3      | Killed Sigmund
  2321 | D:3      | Reached skill level 5 in Stealth
  2321 | D:3      | Gained mutation: You are partially covered in slimy green
                  | scales. (AC +2) [demonic ancestry]
  2321 | D:3      | Reached XP level 5. HP: 30/38 MP: 5/5
  2462 | D:3      | Noticed Pargi
  2483 | D:3      | Killed Pargi
  2484 | D:3      | Reached XP level 6. HP: 18/44 MP: 6/6
  2763 | D:3      | Reached skill level 6 in Stealth
  2901 | D:3      | Noticed Robin
  2923 | D:3      | Killed Robin
  3222 | D:3      | Found an opulent altar of Gozag.
  3242 | D:3      | Became a worshipper of Gozag Ym Sagoz the Greedy
  3595 | D:4      | Found a radiant altar of Vehumet.
  3775 | D:4      | Reached skill level 5 in Short Blades
  3782 | D:4      | Found an iron altar of Okawaru.
  3796 | D:4      | Reached XP level 7. HP: 50/50 MP: 7/7
  3871 | D:4      | Found a sacrificial altar of Ru.
  3948 | D:4      | Found a shimmering altar of Xom.
  4166 | D:5      | Entered Level 5 of the Dungeon
  4246 | D:5      | Reached skill level 7 in Stealth
  4758 | D:5      | Reached skill level 1 in Dodging
  4800 | D:5      | Reached XP level 8. HP: 43/56 MP: 8/8
  4811 | D:5      | Reached skill level 1 in Armour
  4811 | D:5      | Reached skill level 1 in Shields
  5059 | D:5      | Noticed Duvessa
  5060 | D:5      | Noticed Dowan
  5114 | D:5      | Killed Dowan
  5119 | D:5      | HP: 1/57 [Duvessa/+0 short sword (12)]
  5119 | D:5      | Mangled by Duvessa

Illustrated notes

Levels and vault maps discovered:
D:1:      saegor_arrival_miasma, layout_basic, serial_shops, shop
D:2:      minmay_roachtagon, layout_basic, serial_shops, shop, basic_altar
D:3:      layout_basic, lemuel_doored_altar, uniq_sigmund, uniq_pargi,
          uniq_robin
D:4:      layout_cave_pools, nicolae_ru_sacrificial_ziggurat,
          lemuel_round_altar, okawaru_trees_1, mainiacjoe_overflow_boulevard
D:5:      layout_basic, st_stairs_9, chequers_serial_rivers_room_b, uniq_duvessa

Skill      XL: |  1  2  3  4  5  6  7  8 |
---------------+-------------------------+-----
Short Blades   | 2 3 4 5 6 |  6.7
Stealth        | 4 5 6 7 |  7.0
Dodging        | 1 2 |  2.1
Armour         | 1 |  1.7
Shields        | 1 |  1.7
Fighting       | |  2.9
Throwing       | |  1.7

Action                     |  1- 3 |  4- 6 |  7- 9 || total
---------------------------+-------+-------+-------++-------
  Melee: Dagger            |   137 |   282 |   332 ||   751
  Throw: Dart              |       |    10 |    10 ||    20
    Use: Potion            |       |       |     3 ||     3
   Stab: Sleeping          |     9 |     9 |     2 ||    20
         Distracted        |     1 |       |     1 ||     2
 Armour: Robe              |    88 |    49 |       ||   137
         Troll leather arm |       |    97 |   274 ||   371
  Dodge: Dodged            |    94 |   123 |   122 ||   339
  Block: Tower shield      |       |       |   164 ||   164

Table legend: (Time is in decaauts)
 A = Elapsed time spent in this place.
 B = Non-inter-level travel time spent in this place.
 C = Inter-level travel time spent in this place.
 D = Time resting spent in this place.
 E = Time spent auto-exploring this place.
 F = Levels seen in this place.
 G = Mean time per level.
                   A        B        C        D        E       F      G
               +--------+--------+--------+--------+--------+-----+--------+
         Total |   5025 |   4776 |    249 |    171 |   3330 |   5 | 1005.0 |
       Dungeon |   5025 |   4776 |    249 |    171 |   3330 |   5 | 1005.0 |
               +--------+--------+--------+--------+--------+-----+--------+

Top non-repeatable levels by time:
     D:1: 1331 daAuts
     D:3: 1302 daAuts
     D:5: 932 daAuts
     D:2: 890 daAuts
     D:4: 569 daAuts
